 Dungeon Crawl Stone Soup version 0.29.1-2-gbd0b4ee654 (webtiles) character file.

Game seed: 2775206888360061279

704 MisterFreud the Covert (level 7, -1/60 HPs)
             Began as a Gnoll Delver on Nov 4, 2022.
             Slain by a killer bee (3 damage)
             ... on level 4 of the Dungeon.
             The game lasted 00:04:19 (4210 turns).

MisterFreud the Covert (Gnoll Delver)               Turns: 4210, Time: 00:04:20

Health: -1/60      AC:  9    Str: 11    XL:     7   Next: 67%
Magic:  11/11      EV: 13    Int: 14    God:
Gold:   187        SH:  0    Dex: 13    Spells: 11/11 levels left

rFire   . . .      SeeInvis .   p - +5 quarterstaff of Wounding {vorpal, Int+2}
rCold   . . .      Faith    .   (shield currently unavailable)
rNeg    . . .      Spirit   .   z - +1 leather armour of the Flute {rElec}
rPois   .          Reflect  .   r - +2 helmet
rElec   +          Harm     .   w - +0 cloak
rCorr   .          Rampage  .   (no gloves)
Will    .....                   o - +0 pair of boots
Stlth   ++++......              (no amulet)
HPRegen 0.20/turn               (no ring)
MPRegen 0.12/turn               (no ring)

@: lethally poisoned (-1 -> -10)
A: fangs 1, strong nose, distributed training
a: no special abilities


You were on level 4 of the Dungeon.
You visited 1 branch of the dungeon, and saw 6 of its levels.

You collected 187 gold pieces.

Inventory:

Hand Weapons
 a - a +0 short sword
 i - a +1 long sword of electrocution
 p - the +5 quarterstaff of Wounding (weapon) {vorpal, Int+2}
   (You found it on level 2 of the Dungeon)

   It inflicts extra damage upon your enemies.
   Int:       It affects your intelligence (+2).
 v - a +4 quarterstaff of chaos
Missiles
 l - 6 curare-tipped darts (quivered)
 y - 6 javelins
Armour
 b - a +0 leather armour
 o - a +0 pair of boots (worn)
 r - a +2 helmet (worn)
 t - a +0 buckler
 w - a +0 cloak (worn)
 z - the +1 leather armour of the Flute (worn) {rElec}
   (You found it on level 4 of the Dungeon)

   rElec:     It insulates you from electricity.
Jewellery
 h - a +6 ring of strength
 n - a ring of wizardry
Wands
 g - a wand of digging (3)
 q - a wand of flame (31)
Scrolls
 c - a scroll of fog
 d - 2 scrolls of magic mapping
 e - a scroll of fear
 k - 5 scrolls of identify
 m - 3 scrolls of teleportation
 B - a scroll of brand weapon {unknown}
Potions
 f - 2 potions of haste
 s - a potion of brilliance
 u - a potion of flight {unknown}
 x - a potion of curing {unknown}
 A - a potion of mutation {unknown}


   Skills:
 + Level 7.1 Fighting
 + Level 5.4 Short Blades
 + Level 2.7 Long Blades
 + Level 2.7 Axes
 + Level 2.7 Maces & Flails
 + Level 2.7 Polearms
 + Level 2.7 Staves
 + Level 2.7 Ranged Weapons
 + Level 2.7 Throwing
 + Level 2.7 Armour
 + Level 5.4 Dodging
 + Level 10.0 Stealth
 + Level 2.7 Shields
 + Level 2.7 Unarmed Combat
 + Level 2.7 Spellcasting
 + Level 2.2 Conjurations
 + Level 2.2 Hexes
 + Level 2.2 Summonings
 + Level 2.2 Necromancy
 + Level 2.2 Translocations
 + Level 2.2 Transmutations
 + Level 2.2 Fire Magic
 + Level 2.2 Ice Magic
 + Level 2.2 Air Magic
 + Level 2.2 Earth Magic
 + Level 2.2 Poison Magic
 + Level 3.0 Invocations
 + Level 2.7 Evocations


You had 11 spell levels left.
You didn't know any spells.
Your spell library contained the following spells:

 Spells                   Type           Power      Damage    Failure   Level
 Necrotise                Necr           32%        1d5       11%         1
 Vampiric Draining        Necr           8%         2d6       32%         3
 Agony                    Necr           8%         N/A       97%         5


Dungeon Overview and Level Annotations

Branches:
Dungeon (6/15)
 Temple: D:4-7

Altars:
Cheibriados
Qazlal
Sif Muna

Shops:
D:3 =


Innate Abilities, Weirdness & Mutations

You have very sharp teeth.
Your uncanny sense of smell can sniff out nearby items.
Your experience applies equally to all skills.


Message History

The killer bee is severely wounded.
* * * LOW HITPOINT WARNING * * *
You feel very sick. The killer bee closely misses you. x2
The killer bee stings you but does no damage.
You barely miss the killer bee.
The killer bee is severely wounded.
* * * LOW HITPOINT WARNING * * *
You feel sick.
The killer bee stings you but does no damage. x2
You feel much better.
You feel sick. The killer bee stings you.
You are more poisoned.
The killer bee poisons you! The killer bee barely misses you.
You miss the killer bee.
You bite the killer bee, but do no damage.
The killer bee is severely wounded.
You feel very sick.
The killer bee stings you but does no damage.
The killer bee closely misses you.
You miss the killer bee.
The killer bee is severely wounded.
You feel sick.
The killer bee stings you but does no damage.
The killer bee stings you.
* * * LOW HITPOINT WARNING * * *
The killer bee stings you.
* * * LOW HITPOINT WARNING * * *
You closely miss the killer bee.
The killer bee is severely wounded.
You feel sick. The killer bee barely misses you. The killer bee stings you.
* * * LOW HITPOINT WARNING * * *
You are more poisoned.
The killer bee poisons you!
Unknown command.
You miss the killer bee. Your bite misses the killer bee.
The killer bee is severely wounded.
* * * LOW HITPOINT WARNING * * *
You feel very sick. The killer bee misses you. The killer bee stings you.
You die...

##... ##############...
?.#.............. #######
#....####......... #!.....
... ..............
#.....y#..#.######........
#........ #...).###....##.
#.......#######......###..
#....[..y@.##.......###.††
####..####....##.#.......!
#. #....##.#..###### #.
#.#.#......###### #
...#...#..#.#.....
####..###.#..#..##.
#..##.>.........
...##.....<..###
..#.#.......†.#


You could see a killer bee.

Vanquished Creatures
  Sigmund (D:4)
  Menkaure (D:3)
  3 killer bees (D:4)
  A hound (D:4)
  Crazy Yiuf (D:2)
  Jessica (D:2)
  Natasha (thrice) (D:2)
  3 adders
  3 gnolls
  A shadow imp (D:5)
  A white imp (D:3)
  2 dart slugs
  An orc (D:4)
  6 ball pythons
  A bat (D:1)
  6 endoplasms
  2 giant cockroaches (D:2)
  10 hobgoblins
  4 quokkas
  9 frilled lizards
  7 goblins
  2 kobolds
  6 rats
75 creatures vanquished.

Notes
Turn   | Place    | Note
-------+----------+-------------------------------------------
     0 | D:5      | Reached skill level 9 in Stealth
     0 | D:5      | MisterFreud the Gnoll Delver began the quest for the Orb.
     0 | D:5      | Reached XP level 1. HP: 23/23 MP: 1/1
     1 | D:6      | Noticed an orc wizard
     1 | D:6      | Noticed an orc wizard
     1 | D:6      | Noticed an orc priest
     1 | D:6      | Noticed an orc wizard
     1 | D:6      | Noticed an orc wizard
     1 | D:6      | Noticed an orc wizard
   151 | D:5      | Noticed an iguana
   175 | D:5      | Reached XP level 2. HP: 19/29 MP: 2/2
   385 | D:3      | Found a shimmering blue altar of Sif Muna.
   385 | D:3      | Found a snail-covered altar of Cheibriados.
   584 | D:2      | Noticed Natasha
   592 | D:2      | Killed Natasha
   593 | D:2      | Reached skill level 1 in Invocations
   593 | D:2      | Reached XP level 3. HP: 35/35 MP: 2/4
   625 | D:2      | Found a runed translucent door.
   626 | D:2      | Noticed Crazy Yiuf
   679 | D:2      | Reached skill level 1 in Long Blades
   679 | D:2      | Reached skill level 1 in Axes
   679 | D:2      | Reached skill level 1 in Maces & Flails
   679 | D:2      | Reached skill level 1 in Polearms
   679 | D:2      | Reached skill level 1 in Staves
   679 | D:2      | Reached skill level 1 in Ranged Weapons
   679 | D:2      | Reached skill level 1 in Throwing
   679 | D:2      | Reached skill level 1 in Armour
   679 | D:2      | Reached skill level 1 in Shields
   679 | D:2      | Reached skill level 1 in Unarmed Combat
   679 | D:2      | Reached skill level 1 in Spellcasting
   679 | D:2      | Reached skill level 1 in Evocations
   682 | D:2      | Identified the +5 quarterstaff of Wounding {vorpal, Int+2}
   993 | D:1      | Reached XP level 4. HP: 41/41 MP: 5/5
  1129 | D:1      | Found a faded altar of an unknown god.
  1696 | D:2      | Reached skill level 1 in Conjurations
  1696 | D:2      | Reached skill level 1 in Hexes
  1696 | D:2      | Reached skill level 1 in Summonings
  1696 | D:2      | Reached skill level 1 in Necromancy
  1696 | D:2      | Reached skill level 1 in Translocations
  1696 | D:2      | Reached skill level 1 in Transmutations
  1696 | D:2      | Reached skill level 1 in Fire Magic
  1696 | D:2      | Reached skill level 1 in Ice Magic
  1696 | D:2      | Reached skill level 1 in Air Magic
  1696 | D:2      | Reached skill level 1 in Earth Magic
  1696 | D:2      | Reached skill level 1 in Poison Magic
  1816 | D:2      | Noticed Natasha
  1821 | D:2      | Killed Natasha
  1822 | D:2      | Reached XP level 5. HP: 46/47 MP: 5/7
  1879 | D:2      | Noticed Jessica
  1885 | D:2      | Killed Jessica
  1981 | D:2      | Noticed Natasha
  1990 | D:2      | Killed Natasha
  2289 | D:2      | Killed Crazy Yiuf
  2499 | D:3      | Found Ilimy's One-of-a-Kind Rings.
  3006 | D:4      | Noticed Sigmund
  3013 | D:4      | Killed Sigmund
  3014 | D:4      | Reached skill level 5 in Short Blades
  3014 | D:4      | Reached skill level 5 in Dodging
  3014 | D:4      | Reached XP level 6. HP: 44/53 MP: 7/9
  3052 | D:4      | Noticed Menkaure
  3710 | D:3      | Killed Menkaure
  3711 | D:3      | Reached XP level 7. HP: 22/60 MP: 10/10
  3924 | D:4      | Identified the +1 leather armour of the Flute {rElec}
  3965 | D:4      | Found a stormy altar of Qazlal.
  4199 | D:4      | Reached skill level 10 in Stealth
  4204 | D:4      | HP: 3/60 [poisoned by a killer bee]
  4205 | D:4      | HP: 1/60 [poisoned by a killer bee]
  4210 | D:4      | HP: 2/60 [poisoned by a killer bee]
  4210 | D:4      | Slain by a killer bee

Illustrated notes

Levels and vault maps discovered:
D:1:      amcnicky_arrival_feature_with_door, layout_basic,
          hellmonk_ecumenical_altar_pennies_from_heaven, minmay_lizard_pond
D:2:      layout_basic, minmay_misc_feat_chi, uniq_crazy_yiuf_cottage,
          uniq_natasha, uniq_jessica
D:3:      layout_loops_ring, grunt_temple_overflow_open,
          nicolae_shop_unique_rings, minmay_misc_feat_encased,
          grunt_decor_arrowhead, chequers_big_river
D:4:      layout_rooms, mainiacjoe_overflow_brackets,
          minmay_temple_entry_glassed_door, uniq_sigmund, uniq_menkaure
D:5:      layout_loops_ring, nicolae_wu_jian_immortal_techniques,
          kennysheep_mini_moat, serial_shops, nicolae_shop_waterfront,
          corexii_shack
D:6:      layout_loops_corners, portal_sewer_entry_a,
          nicolae_ossuary_entry_ruins, nicolae_titane

Skill      XL: |  1  2  3  4  5  6  7 |
---------------+----------------------+-----
Stealth        | 10 | 10.0
Invocations    | 1 2 3 |  3.0
Long Blades    | 1 2 |  2.7
Axes           | 1 2 |  2.7
Maces & Flails | 1 2 |  2.7
Polearms       | 1 2 |  2.7
Staves         | 1 2 |  2.7
Ranged Weapons | 1 2 |  2.7
Throwing       | 1 2 |  2.7
Armour         | 1 2 |  2.7
Shields        | 1 2 |  2.7
Unarmed Combat | 1 2 |  2.7
Spellcasting   | 1 2 |  2.7
Evocations     | 1 2 |  2.7
Conjurations   | 1 2 |  2.2
Hexes          | 1 2 |  2.2
Summonings     | 1 2 |  2.2
Necromancy     | 1 2 |  2.2
Translocations | 1 2 |  2.2
Transmutations | 1 2 |  2.2
Fire Magic     | 1 2 |  2.2
Ice Magic      | 1 2 |  2.2
Air Magic      | 1 2 |  2.2
Earth Magic    | 1 2 |  2.2
Poison Magic   | 1 2 |  2.2
Short Blades   | 5 |  5.4
Dodging        | 5 |  5.4
Fighting       | 7 |  7.1

Action                   |  1- 3 |  4- 6 |  7- 9 || total
-------------------------+-------+-------+-------++-------
Melee: Short sword       |    13 |       |       ||    13
       Bite              |     7 |     3 |     3 ||    13
       Long sword        |    37 |       |       ||    37
       Quarterstaff      |    18 |    80 |    51 ||   149
  Use: Scroll            |       |     5 |       ||     5
       Potion            |       |       |     2 ||     2
 Stab: Sleeping          |     6 |    16 |     1 ||    23
Armor: Leather armour    |    15 |    10 |    22 ||    47
Dodge: Dodged            |    43 |    62 |    48 ||   153
